 Seeded DCSS version 0.28-a0-206-gc2c9e32840 (webtiles) character file.

Game seed: 20210820 (custom seed)

208 zazu2006 the Magician (level 5, -6/42 HPs)
             Began as a Naga Hedge Wizard on Aug 20, 2021.
             Mangled by Natasha (8 damage)
             ... on level 4 of the Dungeon.
             The game lasted 00:07:54 (4440 turns).

zazu2006 the Magician (Naga Hedge Wizard)           Turns: 4440, Time: 00:07:55

Health: -6/42      AC:  5    Str: 12    XL:     5   Next: 86%
Magic:  0/12       EV: 10    Int: 16    God:
Gold:   165        SH:  0    Dex: 10    Spells: 4/13 levels left

rFire   . . .      SeeInvis +   a - +0 dagger
rCold   . . .      Faith    .   (no shield)
rNeg    . . .      Spirit   .   e - +2 animal skin
rPois   +          Reflect  .   d - +0 helmet
rElec   .          Harm     .   (no cloak)
rCorr   .          Rampage  .   (no gloves)
Will    .....                   (no barding)
Stlth   ++........              (no amulet)
HPRegen 0.14/turn               (no ring)
MPRegen 0.13/turn               (no ring)

@: short of breath, very slightly contaminated, very slow
A: AC +1, large, see invisible, deformed body, poison resistance, slowness 2,
spit poison 1, naga tail 1
a: Spit Poison


You were on level 4 of the Dungeon.
You visited 1 branch of the dungeon, and saw 4 of its levels.

You collected 165 gold pieces.

Inventory:

Hand Weapons
 a - a +0 dagger (weapon)
Armour
 d - a +0 helmet (worn)
 e - a +2 animal skin (worn)
Scrolls
 b - a scroll of vulnerability {unknown}
 c - a scroll of enchant weapon {unknown}
 f - 2 scrolls of holy word {unknown}
 h - a scroll of silence {unknown}
 i - 2 scrolls of teleportation
 k - a scroll of identify {unknown}
 m - a scroll of blinking {unknown}
Potions
 g - a potion of mutation {unknown}
 j - a potion of degeneration {unknown}
 n - a potion of haste {unknown}


   Skills:
 + Level 0.3 Fighting
 + Level 1.9 Dodging
 + Level 4.6 Stealth
 + Level 4.7 Spellcasting
 + Level 2.6 Conjurations
 + Level 1.0 Summonings
 + Level 1.0 Translocations
 * Level 0.2 Poison Magic


You had 4 spell levels left.
You knew the following spells:

 Your Spells              Type           Power      Damage    Failure   Level
a - Magic Dart            Conj           48%        1d5       5%          1
b - Mephitic Cloud        Conj/Pois/Air  6%         N/A       32%         3
c - Conjure Flame         Conj/Fire      8%         6-21      26%         3
d - Blink                 Tloc           N/A        N/A       16%         2

Your spell library contained the following spells:

 Spells                   Type           Power      Damage    Failure   Level
 Sting                    Tmut/Pois      16%        1d3       16%         1
 Call Imp                 Summ           7%         N/A       16%         2
 Poisonous Vapours        Pois/Air       8%         N/A       22%         2
 Slow                     Hex            3%         N/A       24%         2
 Gell's Gravitas          Tloc           3%         N/A       30%         3
 Lesser Beckoning         Tloc           3%         N/A       30%         3
 Teleport Other           Tloc           7%         N/A       30%         3
 Olgreb's Toxic Radiance  Pois           4%         N/A       80%         4


Dungeon Overview and Level Annotations

Branches:
Dungeon (4/15)
 Temple: D:4-7

Altars:
Qazlal

Annotations:
D:3 2 transporters, puppykicker's ghost, amateur DgIE
D:4 Natasha; Pikel


Innate Abilities, Weirdness & Mutations

Your serpentine skin is tough. (AC +1)
You have supernaturally acute eyesight. (SInv)
Armour fits poorly on your strangely shaped body.
Your system is resistant to poisons. (rPois)
You cover ground very slowly.
You can spit poison.
You have a snake-like lower body.


Message History

Your surroundings suddenly seem different.
Natasha, Servant of Life and Death comes into view.
Found 12 gold pieces.
Natasha hisses angrily.
You feel better.
Press: ? - help, Shift-Dir - straight line, f - Natasha
Aim: Natasha The splash of poison misses Natasha.
You hit Natasha.
Natasha is lightly wounded.
Natasha closely misses you.
You hit Natasha but do no damage.
Natasha is lightly wounded.
Natasha claws you.
Casting: Mephitic Cloud (quite dangerous; 32% risk of failure)
Confirm with . or Enter, or press ? or * to list all spells.
Aiming: Magic Dart (safe; 5% risk of failure)
Press: ? - help, Shift-Dir - straight line, f/p - Natasha
Aim: Natasha (lightly wounded, 100% to hit)
The magic dart hits Natasha.
Natasha is moderately wounded.
Natasha stares at you and mumbles some strange words.
The magic dart hits you!
* * * LOW HITPOINT WARNING * * *
Casting: Magic Dart (safe; 5% risk of failure)
Confirm with . or Enter, or press ? or * to list all spells.
Aiming: Magic Dart (safe; 5% risk of failure)
Press: ? - help, Shift-Dir - straight line, f/p - Natasha
Aim: Natasha (moderately wounded, 100% to hit)
The magic dart hits Natasha.
Natasha is heavily wounded.
You have got your breath back.
Natasha claws you.
* * * LOW HITPOINT WARNING * * *
Press: ? - help, Shift-Dir - straight line, f/p - Natasha
Aim: Natasha (heavily wounded)
The splash of poison hits Natasha.
Natasha is poisoned.
Natasha is almost dead.
Natasha claws you!
You die...

. #####
..
#...##...
#@h......
#........
#........
#........
#########


You could see Natasha (poisoned).

Vanquished Creatures
  A hound (D:4)
  Natasha (D:4)
  Robin (D:2)
  2 adders (D:3)
  2 worms (D:2)
  4 dart slugs
  8 orcs
  7 ball pythons
  10 endoplasms
  3 giant cockroaches (D:1)
  14 goblins
  13 hobgoblins
  7 jackals
  7 kobolds
  3 quokkas
  6 bats
  4 frilled lizards
  2 rats
95 creatures vanquished.

Notes
Turn   | Place    | Note
-------+----------+-------------------------------------------
     0 | D:1      | zazu2006 the Naga Hedge Wizard began the quest for the Orb.
     0 | D:1      | Reached XP level 1. HP: 15/15 MP: 4/4
   390 | D:1      | Found a faded altar of an unknown god.
   420 | D:1      | Reached XP level 2. HP: 22/22 MP: 4/6
   830 | D:1      | Reached XP level 3. HP: 28/28 MP: 5/8
   834 | D:1      | Learned a level 3 spell: Mephitic Cloud
   838 | D:1      | Learned a level 3 spell: Conjure Flame
   841 | D:1      | Learned a level 2 spell: Blink
  1022 | D:1      | You fall into a shaft and drop 1 floor!
  1267 | D:2      | Noticed Robin
  1636 | D:2      | Reached XP level 4. HP: 28/36 MP: 4/9
  1656 | D:2      | Killed Robin
  3218 | D:3      | Found a stormy altar of Qazlal.
  3485 | D:3      | Reached XP level 5. HP: 42/42 MP: 0/11
  3573 | D:3      | Found a transporter.
  3575 | D:3      | Identified the +3 great mace of Zujeiw {vorpal, rF+ rC+
                  | Int-2}
  3575 | D:3      | Noticed an ogre
  3575 | D:3      | Noticed puppykicker's ghost (amateur DgIE)
  3579 | D:3      | Found a transporter.
  4102 | D:4      | Noticed Natasha
  4106 | D:4      | Killed Natasha
  4372 | D:4      | Noticed Pikel
  4372 | D:4      | Noticed a lemure
  4372 | D:4      | Noticed a lemure
  4372 | D:4      | Noticed a lemure
  4372 | D:4      | Noticed a lemure
  4430 | D:4      | Noticed Natasha
  4439 | D:4      | HP: 2/42 [Natasha (4)]
  4440 | D:4      | Mangled by Natasha

Illustrated notes

Levels and vault maps discovered:
D:1:      dpeg_arrival_castle, layout_basic,
          dreamdust_ecumenical_altar_angels_and_demons
D:2:      layout_basic, uniq_robin
D:3:      layout_loops_ring, lemuel_round_altar, gammafunk_ghost_smash
D:4:      layout_gridville, uniq_natasha, uniq_pikel

Skill      XL: |  1  2  3  4  5 |
---------------+----------------+-----
Conjurations   | 2 |  2.6
Spellcasting   | 4 |  4.7
Stealth        | 4 |  4.6
Fighting       | |  0.3
Dodging        | |  1.9
Summonings     | |  1.0
Translocations | |  1.0
Poison Magic   | |  0.2

Action                   |  1- 3 |  4- 6 || total
-------------------------+-------+-------++-------
Melee: Dagger            |    39 |    33 ||    72
 Cast: Magic Dart        |    92 |   113 ||   205
       Mephitic Cloud    |       |     2 ||     2
 Abil: Spit Poison       |    19 |    18 ||    37
  Use: Potion            |       |     5 ||     5
       Scroll            |       |     1 ||     1
Armor: Robe              |    26 |     5 ||    31
       Animal skin       |       |    20 ||    20
Dodge: Dodged            |    37 |    36 ||    73

Table legend: (Time is in decaauts)
 A = Elapsed time spent in this place.
 B = Non-inter-level travel time spent in this place.
 C = Inter-level travel time spent in this place.
 D = Time resting spent in this place.
 E = Time spent auto-exploring this place.
 F = Levels seen in this place.
 G = Mean time per level.
                   A        B        C        D        E       F      G
               +--------+--------+--------+--------+--------+-----+--------+
         Total |   5258 |   5150 |    108 |    237 |   4159 |   4 | 1314.5 |
       Dungeon |   5258 |   5150 |    108 |    237 |   4159 |   4 | 1314.5 |
               +--------+--------+--------+--------+--------+-----+--------+

Top non-repeatable levels by time:
     D:2: 1807 daAuts
     D:1: 1711 daAuts
     D:3: 1331 daAuts
     D:4: 408 daAuts
